 Dungeon Crawl Stone Soup version 0.23.1 (webtiles) character file.

Game seed: 0

612603 Pocketmage the Conqueror (level 26, -9/264 (266) HPs)
             Began as a Minotaur Gladiator on Mar 10, 2019.
             Was the Champion of Dithmenos.
             Killed by divine providence
             ... invoked by a greater mummy
              (10 damage)
             ... on level 2 of the Tomb of the Ancients on Mar 11, 2019.
             The game lasted 05:10:30 (68901 turns).

Pocketmage the Conqueror (Minotaur Gladiator)      Turns: 68901, Time: 05:10:30

HP:   -9/264 (266)  AC: 44    Str: 27    XL:     26   Next: 80%
MP:   0/36          EV: 23    Int:  5    God:    Dithmenos [******]
Gold: 3614          SH: 26    Dex: 23    Spells: 25/25 levels left

rFire    + + +     SeeInvis +   I - +9 broad axe (elec)
rCold    + + .     Gourm    .   c - +0 large shield
rNeg     . . .     Faith    .   x - +15 Maxwell's patent armour {-Cast -Tele rElec MR+ rCorr}
rPois    +         Spirit   +   y - +2 hat {SInv}
rElec    +         Reflect  .   P - scarf {rC+ rF+}
rCorr    +         Harm     .   w - +1 pair of gloves "Earthly Heaven" {Regen+ Dex+7 Stlth+}
MR       +++..     NoTele   +   b - +0 pair of boots Stlth +.........NoCast +
                                r - amulet of guardian spirit
HPRegen  0.00/turn              u - ring "Lugup" {rF+ MR+ MP+9 Stlth+}
MPRegen  0.25/turn              L - ring of Nylar {rCorr rElec rPois rF+ Stlth+}

@: resistant, marked, non-regenerating, diseased, hasted and slowed, wreathed by
umbra
A: retaliatory headbutt, horns 2, low mp 1
}: 3/15 runes: barnacled, silver, gossamer
a: Shadow Step, Shadow Form, Renounce Religion


You were on level 2 of the Tomb of the Ancients.
You worshipped Dithmenos.
Dithmenos was exalted by your worship.
You were not hungry.

You visited 11 branches of the dungeon, and saw 50 of its levels.
You visited the Abyss 1 time.
You visited 1 bazaar.
You also visited: Ice Cave.

You collected 8884 gold pieces.
You spent 5270 gold pieces at shops.

Inventory:

Hand Weapons
 q - a +9 broad axe of chopping
 A - the +10 dagger "Lamytos" {pierce, +Inv rN+}
   (You found it on level 4 of the Depths)

   It inflicts extra damage upon your enemies.
   It protects you from negative energy.
   It lets you turn invisible.
 I - a +9 broad axe of electrocution (weapon)
Missiles
 d - 12 throwing nets (quivered)
Armour
 b - a +0 pair of boots (worn)
 c - a +0 large shield (worn)
 h - the +13 plate armour of Vellush {MP+9 Stlth+}
   (You acquired it on level 6 of the Lair of Beasts)

   It affects your magic capacity (+9).
   It makes you more stealthy.
 w - the +1 pair of gloves "Earthly Heaven" (worn) {Regen+ Dex+7 Stlth+}
   (You found it on level 3 of the Elven Halls)

   It affects your dexterity (+7).
   It increases your rate of regeneration.
   It makes you more stealthy.
 x - the +15 Maxwell's patent armour (worn) {-Cast -Tele rElec MR+ rCorr}
   (You bought it in a shop on level 6 of the Dungeon)

   It insulates you from electricity.
   It affects your resistance to hostile enchantments.
   It prevents spellcasting.
   It prevents most forms of teleportation.
   It provides partial protection from all sources of acid and corrosion.
 y - a +2 hat of see invisible (worn)
 F - a +0 cloak of magic resistance
 P - a scarf of resistance (worn)
Jewellery
 g - the ring of Fosi {+Inv rPois rC- MR+ Int+6}
   (You found it on level 3 of the Depths)

   [ring of poison resistance]

   It affects your intelligence (+6).
   It makes you vulnerable to cold.
   It protects you from poison.
   It affects your resistance to hostile enchantments.
   It lets you turn invisible.
 l - the ring of Lilacs {rElec rPois rC+ Int+2 Stlth-}
   (You took it off a deep elf demonologist on level 3 of the Elven Halls)

   [ring of attention]

   It affects your intelligence (+2).
   It protects you from cold.
   It insulates you from electricity.
   It protects you from poison.
   It makes you less stealthy.
 r - an amulet of guardian spirit (around neck)
 u - the ring "Lugup" (left hand) {rF+ MR+ MP+9 Stlth+}
   (You bought it in a shop on level 9 of the Dungeon)

   [ring of magical power]

   It protects you from fire.
   It affects your resistance to hostile enchantments.
   It affects your magic capacity (+9).
   It makes you more stealthy.
 L - the ring of Nylar (right hand) {rCorr rElec rPois rF+ Stlth+}
   (You bought it in a shop on level 9 of the Dungeon)

   [ring of resist corrosion]

   It protects you from fire.
   It insulates you from electricity.
   It protects you from poison.
   It makes you more stealthy.
Wands
 p - a wand of iceblast (31)
 v - a wand of flame (172)
 D - a wand of paralysis (15)
 H - a wand of digging (8)
 R - a wand of polymorph (24)
 S - a wand of clouds (1)
 W - a wand of acid (16)
Scrolls
 t - 13 scrolls of magic mapping
 z - 13 scrolls of teleportation
 C - 34 scrolls of identify
 G - 27 scrolls of remove curse
 K - 4 scrolls of fog
 O - 6 scrolls of blinking
 Q - 2 scrolls of enchant weapon
 T - 8 scrolls of enchant armour
Potions
 j - 9 potions of flight
 n - 6 potions of agility
 o - 8 potions of brilliance
 B - 8 potions of curing
 E - 6 potions of ambrosia
 M - 2 potions of cancellation
 N - 6 potions of might
 U - 12 potions of lignification
 V - 3 potions of magic
 X - 2 potions of resistance
 Y - 3 potions of haste
 Z - 2 potions of berserk rage
Miscellaneous
 a - a lamp of fire
 k - 4 sacks of spiders
 J - 4 boxes of beasts
Comestibles
 f - 75 rations


   Skills:
 O Level 27 Fighting
 - Level 18.0 Axes
 - Level 2.2 Throwing
 + Level 26.8 Armour
 + Level 18.6 Dodging
 * Level 23.1 Shields
 - Level 10.0 Invocations
 + Level 12.1 Evocations


You had 25 spell levels left.
You didn't know any spells.
Your spell library contained the following spells:

 Spells                   Type           Power        Failure   Level  Hunger
 Animate Skeleton         Necr           N/A          91%         1    ##.....
 Apportation              Tloc           #.....       91%         1    ##.....
 Beastly Appendage        Tmut           #.....       91%         1    ##.....
 Confusing Touch          Hex            #.....       91%         1    ##.....
 Corona                   Hex            #......      91%         1    ##.....
 Magic Dart               Conj           #...         91%         1    ##.....
 Shock                    Conj/Air       #...         91%         1    ##.....
 Sting                    Conj/Pois      #...         91%         1    ##.....
 Summon Butterflies       Summ           #.......     91%         1    ##.....
 Summon Small Mammal      Summ           #...         91%         1    ##.....
 Blink                    Tloc           N/A          97%         2    ###....
 Call Imp                 Summ           #.......     97%         2    ###....
 Corpse Rot               Necr           N/A          97%         2    ###....
 Poisonous Vapours        Pois/Air       #.....       97%         2    ###....
 Slow                     Hex            #.......     97%         2    ###....
 Sticks to Snakes         Tmut           #.......     97%         2    ###....
 Sublimation of Blood     Necr           #.........   97%         2    ###....
 Call Canine Familiar     Summ           #.......     99%         3    ####...
 Confuse                  Hex            #.......     99%         3    ####...
 Conjure Flame            Conj/Fire      #.......     99%         3    ####...
 Gell's Gravitas          Tloc           #.........   99%         3    ####...
 Ignite Poison            Fire/Tmut/Pois #.......     99%         3    ####...
 Inner Flame              Hex/Fire       #.......     99%         3    ####...
 Mephitic Cloud           Conj/Pois/Air  #.......     99%         3    ####...
 Portal Projectile        Hex/Tloc       #.....       99%         3    ####...
 Recall                   Summ/Tloc      N/A          99%         3    ####...
 Regeneration             Chrm/Necr      #.........   99%         3    ####...
 Spider Form              Tmut/Pois      #.........   99%         3    ####...
 Animate Dead             Necr           N/A          100%        4    #####..
 Cause Fear               Hex            #.........   100%        4    #####..
 Ice Form                 Ice/Tmut       #.......     100%        4    #####..
 Leda's Liquefaction      Hex/Erth       #.........   100%        4    #####..
 Olgreb's Toxic Radiance  Pois           #.......     100%        4    #####..
 Petrify                  Tmut/Erth      #.......     100%        4    #####..
 Summon Ice Beast         Ice/Summ       #.......     100%        4    #####..
 Agony                    Necr           #.......     100%        5    ######.
 Alistair's Intoxication  Tmut/Pois      #.......     100%        5    ######.
 Aura of Abjuration       Summ           #.........   100%        5    ######.
 Blade Hands              Tmut           #.........   100%        5    ######.
 Bolt of Draining         Conj/Necr      #.........   100%        5    ######.
 Bolt of Magma            Conj/Fire/Erth #.........   100%        5    ######.
 Dispel Undead            Necr           #.......     100%        5    ######.
 Excruciating Wounds      Chrm/Necr      #.........   100%        5    ######.
 Fireball                 Conj/Fire      #.........   100%        5    ######.
 Irradiate                Conj/Tmut      #.........   100%        5    ######.
 Iskenderun's Battlesphe  Conj/Chrm      #.......     100%        5    ######.
 Metabolic Englaciation   Hex/Ice        #.........   100%        5    ######.
 Silence                  Hex/Air        #.........   100%        5    ######.
 Summon Demon             Summ           #.........   100%        5    ######.
 Summon Forest            Summ/Tloc      #.........   100%        5    ######.
 Summon Mana Viper        Hex/Summ       #.......     100%        5    ######.
 Venom Bolt               Conj/Pois      #.........   100%        5    ######.
 Yara's Violent Unravell  Hex/Tmut       #.........   100%        5    ######.
 Bolt of Fire             Conj/Fire      #.........   100%        6    #######
 Death Channel            Necr           #.........   100%        6    #######
 Deflect Missiles         Chrm/Air       #.........   100%        6    #######
 Freezing Cloud           Conj/Ice/Air   #.........   100%        6    #######
 Iron Shot                Conj/Erth      #.........   100%        6    #######
 Poison Arrow             Conj/Pois      #.........   100%        6    #######
 Shadow Creatures         Summ           N/A          100%        6    #######
 Orb of Destruction       Conj           #.........   100%        7    #######
 Ring of Flames           Chrm/Fire      #.........   100%        7    #######
 Spellforged Servitor     Conj/Summ      #.........   100%        7    #######
 Summon Hydra             Summ           #.........   100%        7    #######
 Chain Lightning          Conj/Air       #.........   100%        8    #######
 Death's Door             Chrm/Necr      #.........   100%        8    #######
 Ignition                 Fire           #.........   100%        8    #######
 Lehudib's Crystal Spear  Conj/Erth      #.........   100%        8    #######
 Fire Storm               Conj/Fire      #.........   100%        9    #######
 Glaciate                 Conj/Ice       #.........   100%        9    #######


Dungeon Overview and Level Annotations

Branches:
Dungeon (15/15)            Temple (1/1) D:6            Lair (6/6) D:8
 Shoals (4/4) Lair:2       Spider (4/4) Lair:2        Slime (0/5) Lair:6
    Orc (2/2) D:10            Elf (3/3) Orc:2        Vaults (5/5) D:13
  Crypt (3/3) Vaults:2       Tomb (2/3) Crypt:3      Depths (5/5) D:15
    Zot (0/5) Depths:5

Altars:
Ashenzari
Cheibriados
Dithmenos
Elyvilon
Fedhas
Gozag
Hepliaklqana
Kikubaaqudgha
Makhleb
Nemelex Xobeh
Okawaru
Qazlal
Ru
Sif Muna
Trog
Uskayaw
Vehumet
Wu Jian
Xom
Yredelemnul
Zin
The Shining One
Beogh

Shops:
D:6 *   D:7 !   D:9 =   D:13 *   Orc:1 (   Orc:2 (?%}   Elf:3 %   Vaults:2 [
Vaults:3 :   Depths:1 !

Portals:
Hell: Depths:1 Depths:2 Depths:3 Depths:4 Depths:5
Abyss: Depths:1 Depths:4
Pandemonium: Depths:1 Depths:2 Depths:3 Depths:5
Ziggurat: Depths:1


Innate Abilities, Weirdness & Mutations

You reflexively headbutt those who attack you in melee.
You have a pair of horns on your head.
Your magical capacity is low. (-10% MP)


Message History

The greater mummy is moderately damaged.
You closely miss the emperor scorpion.
You hit the spectral stone giant but do no damage.
Lightning courses through the spectral stone giant!
You slash the wraith! Lightning courses through the wraith!!
You destroy the wraith!
You closely miss the emperor scorpion. You hit the shadow wraith.
You slice the emperor scorpion!!
Your shadow hits the greater mummy with a broad axe!
Your shadow hits the emperor scorpion but does no damage.
Your shadow hits the spectral stone giant but does no damage.
Your shadow hits the emperor scorpion but does no damage.
Your shadow hits the shadow wraith but does no damage.
Your shadow hits the emperor scorpion with a broad axe.
The emperor scorpion closely misses you.
You block the emperor scorpion's attack.
The emperor scorpion claws you.
The greater mummy gestures at you while chanting.
Something smites you!
You die...

.............
............ ..!
.........# ....
##....§.§.##
...V##...M.§.§...
.....§.SsM.... .
#.§.§VsMs§#
..##...§MZ@WM##..
.......§s†§ss.....
....§.§§§MMz8...#.
§....§ssWZ°§....#
..M?^.M§..zs.....#
....§§.†§..§^.....
.....s..........?.
......z$..........
..§§.............


You could see 3 greater mummies, 9 emperor scorpions, an ancient champion, a
mummy priest, a jiangshi, a shadow wraith (invisible), a phantasmal warrior, a
mana viper, 2 guardian mummies, an ushabti, a spectral stone giant, 2 mummies, a
wight and a storm dragon zombie.

Vanquished Creatures
  A juggernaut (Depths:4)
  3 ancient liches
  A greater mummy (Tomb:1)
  Frederick (Vaults:3)
  Bai Suzhen (Vaults:4)
  The ghost of Zonian the Slayer, an adept HOFi of Beogh (Vaults:3)
  2 bone dragons
  6 golden dragons
  8 liches
  4 tentacled monstrosities
  An Ice Fiend (IceCv)
  3 deep elf blademasters
  2 deep elf master archers
  Asterion (Vaults:2)
  6 titans
  A quicksilver dragon (Depths:4)
  5 ancient champions
  2 krakens (Shoals:2)
  11 sphinxes
  7 tengu reavers
  Polyphemus (Shoals:4)
  The ghost of Chiseanne the Warrior, an adept OpMo of Gozag (Spider:4)
  7 shadow dragons
  3 storm dragons
  3 revenants (Crypt:2)
  An azure jelly (Elf:1)
  2 iron dragons (Depths:4)
  6 deep elf sorcerers
  2 curse skulls (Crypt:2)
  A draconian shifter (Depths:5)
  10 frost giants
  11 fire giants
  3 cacodemons (Crypt:2)
  3 ghost moths (Spider:4)
  13 vault wardens
  A balrug (Depths:4)
  8 emperor scorpions
  14 ghouls (Crypt:2)
  17 ironheart preservers
  2 spriggan defenders (Depths:5)
  A war gargoyle (Vaults:5)
  2 deep elf elementalists (Elf:3)
  3 reapers (Crypt:3)
  A caustic shrike skeleton (Depths:3)
  A juggernaut skeleton (Depths:3)
  5 deep elf annihilators (Elf:3)
  17 stone giants
  3 entropy weavers
  12 vampire knights
  Nessos (D:15)
  28 very ugly things
  3 red draconians (Depths:5)
  12 deep elf demonologists
  A white draconian (Depths:5)
  3 yellow draconians (Depths:5)
  12 spark wasps
  11 eidola
  A blizzard demon (Depths:4)
  7 merfolk javelineers
  14 ettins
  Snorg (Lair:6)
  15 deep elf death magi
  A green death (Depths:1)
  6 mummy priests
  18 merfolk impalers
  17 yaktaur captains
  4 fire dragons
  33 vault guards
  6 jiangshi
  Erolcha (D:12)
  8 deep elf high priests
  12 ice dragons
  3 great orbs of eyes
  Harold (D:9)
  5 rakshasas
  A hydra (shapeshifter) (Vaults:5)
  4 spriggan air magi (Depths:5)
  4 centaur warriors
  6 hydras
  5 merfolk avatars
  A catoblepas (Shoals:3)
  7 death knights
  Erica (D:9)
  The ghost of P0WERM0DE the Commander, a novice DDFi of Okawaru (D:11)
  4 alligator snapping turtles
  A two-headed ogre (shapeshifter) (Depths:4)
  14 death yaks
  14 tengu warriors
  65 two-headed ogres
  10 deep troll shamans
  9 merfolk aquamancers
  15 death scarabs
  32 dancing weapons
  10 vampire magi
  2 satyrs (Shoals:4)
  20 ogre magi
  A titan zombie (Crypt:3)
  9 soul eaters
  10 deep troll earth magi
  12 spriggan berserkers
  An orc high priest (Orc:2)
  5 spriggans
  20 skeletal warriors
  18 deep elf knights
  3 iron trolls
  3 sun demons (Depths:4)
  A titan skeleton (Depths:3)
  2 golden dragon zombies
  13 sea snakes
  3 storm dragon skeletons
  7 shadow wraiths
  3 small abominations
  2 death drakes (shapeshifter) (Vaults:4)
  2 infernal demonspawn (Depths:1)
  10 hell knights
  A gelid demonspawn (Depths:1)
  5 glowing orange brains
  33 deep trolls
  3 unseen horrors
  6 golden dragon skeletons
  6 flayed ghosts
  2 quicksilver dragon simulacra (Depths:4)
  A ghost moth zombie (Crypt:2)
  A swamp dragon (shapeshifter) (Vaults:3)
  A shadow demon (Depths:3)
  8 ironbrand convokers
  A kraken simulacrum (Shoals:4)
  10 deep elf archers
  A mana viper (shapeshifter) (Depths:5)
  An orb spider (shapeshifter) (Depths:1)
  12 wizards
  A tengu zombie (Vaults:4)
  5 harpies (Shoals:4)
  19 necromancers
  15 phantasmal warriors
  An anaconda skeleton (Crypt:3)
  12 orc knights
  13 orb spiders
  10 cyclopes
  9 fauns
  A wolf spider zombie (Crypt:3)
  72 deep elf magi
  A wolf spider (shapeshifter) (Vaults:3)
  An iron dragon zombie (Depths:2)
  23 wolf spiders
  A sphinx skeleton (Depths:3)
  A cyclops (shapeshifter) (Vaults:5)
  6 orc sorcerers
  2 shadow dragon skeletons (Depths:3)
  A frost giant zombie (Crypt:3)
  3 oklob plants (Lair:6)
  63 ugly things
  A moth of wrath (Spider:3)
  3 tengu skeletons (Depths:3)
  6 merfolk sirens
  8 elephants (Lair:6)
  3 stone giant zombies
  17 manticores
  4 stone giant skeletons
  8 rust devils (Depths:4)
  5 frost giant skeletons
  4 ice statues
  4 black mambas
  A fire giant skeleton (Depths:2)
  A guardian serpent (D:12)
  The ghost of grerr the Thaumaturge, a novice DECj of Vehumet (D:8)
  2 water nymphs
  An orange demon (Depths:3)
  3 gargoyles
  2 torpor snails
  A torpor snail (shapeshifter) (Vaults:2)
  A black mamba (shapeshifter) (Depths:3)
  16 vault sentinels
  A large abomination (Abyss:3)
  13 spiny frogs
  A spriggan zombie (Depths:1)
  A spriggan skeleton (Depths:3)
  2 kobold demonologists
  A catoblepas zombie (Crypt:2)
  A rime drake (shapeshifter) (Depths:3)
  4 rime drakes
  13 komodo dragons
  17 freezing wraiths
  A yaktaur zombie (D:15)
  2 yaktaurs (shapeshifter)
  61 yaktaurs
  A redback zombie (Crypt:2)
  2 golden dragon simulacra (IceCv)
  A yellow draconian skeleton (Crypt:3)
  3 anaconda simulacra (IceCv)
  14 hellwings
  12 demonic crawlers
  13 ice devils
  3 red devils (Depths:4)
  8 tengu conjurers
  A death drake zombie (Crypt:2)
  15 guardian mummies
  31 jumping spiders
  13 trolls
  50 merfolk
  11 wind drakes
  4 polar bears
  A hydra skeleton (Crypt:3)
  A hydra zombie (Crypt:3)
  8 blink frogs (Lair:3)
  13 hornets
  A sphinx simulacrum (Depths:2)
  A tarantella zombie (Crypt:2)
  2 bog bodies (Crypt:2)
  2 harpy skeletons
  21 slime creatures
  8 hippogriffs
  An iron dragon simulacrum (Depths:2)
  A slime creature (shapeshifter) (Vaults:4)
  2 ettin zombies (Crypt:3)
  2 ice dragon zombies
  8 dream sheep
  A hippogriff (shapeshifter) (Vaults:4)
  A fire giant simulacrum (Depths:2)
  12 snapping turtles
  A human simulacrum (Vaults:1)
  20 flying skulls
  A guardian serpent skeleton (Crypt:1)
  An ice dragon skeleton (Depths:1)
  A fire dragon zombie (Crypt:2)
  33 tarantellas
  A black mamba zombie (Crypt:2)
  2 ettin skeletons
  A redback (shapeshifter) (Vaults:3)
  A spriggan (shapeshifter) (Vaults:2)
  5 shadows
  4 air elementals
  7 wyverns
  A centaur simulacrum (D:14)
  17 water elementals
  61 redbacks
  A yak (shapeshifter) (Vaults:1)
  A ynoxinul (Depths:3)
  34 yaks
  2 ushabtiu (Crypt:3)
  8 fire elementals
  A dire elephant simulacrum (IceCv)
  24 wraiths
  3 hungry ghosts
  3 basilisks
  3 vampire mosquitoes (D:14)
  A chaos spawn (Depths:1)
  2 swamp worms (shapeshifter)
  Menkaure (D:4)
  3 elf skeletons (Depths:3)
  4 wargs
  A warg (shapeshifter) (Vaults:2)
  A soldier ant (shapeshifter) (Vaults:1)
  2 acid dragons (shapeshifter)
  Edmund (D:6)
  4 acid dragons
  2 harpy simulacra (IceCv)
  15 water moccasins
  A spiny frog zombie (Crypt:3)
  5 hell hounds (Depths:4)
  2 hydra simulacra (IceCv)
  4 porcupines
  3 soldier ants
  2 floating eyes
  A swamp dragon zombie (Crypt:3)
  2 spiny frog skeletons
  5 ice beasts
  2 eyes of draining
  5 ettin simulacra (Depths:4)
  36 orc warriors
  3 sky beasts
  55 ogres
  3 snapping turtle zombies
  7 wolves
  A manticore zombie (Crypt:3)
  6 necrophages
  2 human skeletons
  16 boggarts
  18 crocodiles
  18 centaurs
  A dream sheep skeleton (Crypt:1)
  A hippogriff zombie (Crypt:2)
  2 big kobolds
  2 gnoll sergeants
  19 bullfrogs
  A cyclops zombie (Crypt:1)
  A deep troll simulacrum (Vaults:2)
  A salamander skeleton (Crypt:1)
  7 wyvern skeletons (Crypt:3)
  4 earth elementals
  4 scorpions
  A water moccasin skeleton (Crypt:1)
  A scorpion (shapeshifter) (Vaults:5)
  59 killer bees
  4 wights (D:10)
  A howler monkey (D:6)
  A wolf zombie (Crypt:2)
  2 electric eels (Spider:2)
  2 quasits (Depths:1)
  5 crimson imps
  4 centaur zombies
  4 jellies
  6 hounds
  4 centaur skeletons
  A gnoll shaman (D:9)
  A human zombie (Crypt:3)
  22 orc priests
  Crazy Yiuf (D:4)
  3 iron imps (Depths:1)
  22 orc wizards
  2 bullfrog skeletons
  9 iguanas
  6 hell rats (Lair:3)
  9 worker ants
  A sky beast zombie (Crypt:2)
  A felid zombie (Crypt:2)
  An ogre skeleton (Crypt:1)
  9 mummies
  A hound zombie (D:11)
  3 worker ant zombies
  Robin (D:3)
  14 adders
  24 gnolls
  6 shadow imps
  2 white imps (Vaults:4)
  An adder skeleton (Crypt:1)
  An adder zombie (D:7)
  5 worms
  4 dart slugs
  5 leopard geckos
  85 orcs
  2 ball pythons
  5 bats
  5 giant cockroaches
  14 goblins
  13 hobgoblins
  18 jackals
  17 kobolds
  4 quokkas
  8 frilled lizards
  A giant cockroach zombie (D:5)
  A jackal skeleton (D:6)
  2 leopard gecko skeletons
  12 rats
  6 fungi
  4 plants
  5 tentacles
  2 withered plants (Crypt:3)
2593 creatures vanquished.

Vanquished Creatures (collateral kills)
  A merfolk impaler (Shoals:4)
1 creature vanquished.

Vanquished Creatures (others)
  A fire giant (Vaults:5)
  A draconian knight (Depths:5)
  A merfolk javelineer (Shoals:3)
  2 centaur warriors (D:13)
  A two-headed ogre (Depths:2)
  Sonja (Lair:2)
  A manticore (Shoals:4)
  A cyclops (D:14)
  A yaktaur (Depths:1)
  9 centaurs
  An orc (Orc:2)
  10 fungi
  15 plants
  20 tentacles
  3 withered plants
68 creatures vanquished.

Grand Total: 2662 creatures vanquished

Notes
Turn   | Place    | Note
-------+----------+-------------------------------------------
     0 | D:1      | Pocketmage the Minotaur Gladiator began the quest for the
                  | Orb.
     0 | D:1      | Reached XP level 1. HP: 18/18 MP: 0/0
    90 | D:1      | Reached XP level 2. HP: 24/25 MP: 1/1
   323 | D:1      | Reached skill level 3 in Fighting
   668 | D:2      | Noticed a centaur
   670 | D:2      | Reached XP level 3. HP: 31/31 MP: 2/2
   677 | D:2      | Killed a centaur
   677 | D:2      | Reached skill level 4 in Fighting
   677 | D:2      | Reached skill level 1 in Armour
   677 | D:2      | Reached XP level 4. HP: 15/40 MP: 1/3
  1213 | D:2      | Reached XP level 5. HP: 44/46 MP: 4/4
  1844 | D:3      | Noticed Robin
  1867 | D:3      | Killed Robin
  2500 | D:4      | Noticed a sky beast
  2504 | D:4      | Killed a sky beast
  2504 | D:4      | Reached skill level 5 in Fighting
  2504 | D:4      | Reached XP level 6. HP: 49/56 MP: 2/5
  2530 | D:4      | Found a shadowy altar of Dithmenos.
  2535 | D:4      | Became a worshipper of Dithmenos the Shadowed
  2844 | D:4      | Noticed Menkaure
  2851 | D:4      | Killed Menkaure
  2851 | D:4      | Reached skill level 5 in Axes
  3046 | D:4      | Found an ornate altar of the Wu Jian Council.
  3111 | D:4      | Found a glowing silver altar of Zin.
  3111 | D:4      | Found a shimmering altar of Xom.
  3112 | D:4      | Found a shattered altar of Ashenzari.
  3136 | D:4      | Found a runed translucent door.
  3137 | D:4      | Noticed Crazy Yiuf
  3149 | D:4      | Killed Crazy Yiuf
  3409 | D:4      | Reached skill level 6 in Fighting
  3578 | D:5      | Entered Level 5 of the Dungeon
  3584 | D:5      | Reached XP level 7. HP: 63/63 MP: 6/6
  3595 | D:5      | Reached skill level 5 in Dodging
  3766 | D:5      | Found an iron altar of Okawaru.
  4869 | D:6      | Noticed Edmund
  4880 | D:6      | Killed Edmund
  4880 | D:6      | Reached skill level 1 in Shields
  4897 | D:6      | Reached skill level 7 in Fighting
  4972 | D:6      | Reached XP level 8. HP: 56/73 MP: 7/7
  5094 | D:6      | Reached * piety under Dithmenos
  5107 | D:6      | Found a white marble altar of Elyvilon.
  5179 | D:6      | Reached skill level 8 in Fighting
  5179 | D:6      | Reached skill level 5 in Armour
  5223 | D:6      | Found Utamoik's Assorted Antiques.
  5490 | D:6      | Found a staircase to the Ecumenical Temple.
  5548 | Temple   | Entered the Ecumenical Temple
  5818 | D:7      | Found Zyfollod's Distillery.
  5845 | D:7      | Bought a potion of agility for 44 gold pieces
  5845 | D:7      | Bought a potion of heal wounds for 55 gold pieces
  5845 | D:7      | Bought a potion of heal wounds for 55 gold pieces
  5845 | D:7      | Bought a potion of agility for 44 gold pieces
  5845 | D:7      | Bought a potion of agility for 44 gold pieces
  6382 | D:8      | Reached skill level 9 in Fighting
  6385 | D:8      | Reached XP level 9. HP: 82/83 MP: 8/8
  6497 | D:8      | Reached ** piety under Dithmenos
  6660 | D:8      | Found a blossoming altar of Fedhas.
  6662 | D:8      | Found an ancient bone altar of Kikubaaqudgha.
  6770 | D:8      | Found a staircase to the Lair.
  6818 | D:8      | Reached skill level 10 in Fighting
  6864 | D:8      | Found a transporter.
  6909 | D:8      | Noticed grerr's ghost (novice DECj)
  6914 | D:8      | Found a transporter.
  6917 | D:8      | Identified the +5 great mace of Cataclysm {speed, rN+}
  6917 | D:8      | Identified the +7 dire flail of Resourcefulness {venom,
                  | *Noise rN+++ MR-}
  6917 | D:8      | Noticed a two-headed ogre
  7179 | D:9      | Reached skill level 5 in Shields
  7437 | D:9      | Reached XP level 10. HP: 92/94 MP: 9/9
  7472 | D:9      | Reached skill level 11 in Fighting
  7862 | D:9      | Reached *** piety under Dithmenos
  7951 | D:9      | Noticed Erica
  7973 | D:9      | Killed Erica
  8359 | D:9      | Noticed Harold
  8378 | D:9      | Killed Harold
  8378 | D:9      | Reached skill level 12 in Fighting
  8781 | D:9      | Found Celeusis's Jewellery Shop.
  8968 | D:10     | Entered Level 10 of the Dungeon
  9477 | D:10     | Reached **** piety under Dithmenos
  9478 | D:10     | Reached XP level 11. HP: 90/105 MP: 10/10
  9694 | D:10     | Noticed a green ugly thing
  9710 | D:10     | Killed a green ugly thing
 10257 | D:10     | Found a staircase to the Orcish Mines.
 10547 | Orc:1    | Entered Level 1 of the Orcish Mines
 10547 | Orc:1    | Noticed an orc knight
 10670 | D:10     | Killed an orc knight
 10670 | D:10     | Reached skill level 10 in Axes
 10693 | D:10     | Reached skill level 13 in Fighting
 10817 | Orc:1    | Noticed an orc knight
 10838 | D:10     | Killed an orc knight
 11746 | Orc:1    | Noticed an orc knight
 11781 | D:10     | Killed an orc knight
 12229 | Orc:2    | Entered Level 2 of the Orcish Mines
 12470 | Orc:2    | Reached ***** piety under Dithmenos
 12910 | Orc:2    | Found Souczour's Gadget Shoppe.
 12911 | Orc:2    | Noticed a two-headed ogre
 12912 | Orc:2    | Noticed a two-headed ogre
 12913 | Orc:2    | Noticed a two-headed ogre
 12913 | Orc:2    | Noticed a deep troll
 12913 | Orc:2    | Noticed a two-headed ogre
 12913 | Orc:2    | Noticed a two-headed ogre
 12913 | Orc:2    | Noticed an ogre mage
 13069 | Orc:1    | Killed a two-headed ogre
 13069 | Orc:1    | Reached skill level 10 in Armour
 13395 | Orc:1    | Killed a two-headed ogre
 13395 | Orc:1    | Reached skill level 14 in Fighting
 13606 | Orc:2    | Killed a two-headed ogre
 13606 | Orc:2    | Killed a two-headed ogre
 13606 | Orc:2    | Reached XP level 12. HP: 77/118 MP: 11/11
 13607 | Orc:2    | Killed a two-headed ogre
 13893 | Orc:2    | Noticed a two-headed ogre
 13915 | Orc:2    | Noticed a two-headed ogre
 14094 | Orc:1    | Killed a two-headed ogre
 14095 | Orc:1    | Killed a two-headed ogre
 14233 | Orc:2    | Noticed a two-headed ogre
 14248 | Orc:2    | Killed a two-headed ogre
 14248 | Orc:2    | Reached skill level 15 in Fighting
 14248 | Orc:2    | Reached skill level 10 in Shields
 14419 | Orc:2    | Killed an ogre mage
 14457 | Orc:1    | Found Becheyh's Weapon Emporium.
 14913 | Orc:2    | Noticed an orc high priest
 14930 | Orc:2    | Killed an orc high priest
 15305 | Orc:2    | Found Xomen's Magic Scroll Shoppe.
 15306 | Orc:2    | Found Ikhlesye's Antique Weapon Boutique.
 15309 | Orc:2    | Noticed an ogre mage
 15316 | Orc:2    | Killed an ogre mage
 15347 | Orc:2    | Reached skill level 1 in Invocations
 15928 | Orc:2    | Found a roughly hewn altar of Beogh.
 16127 | Orc:2    | Bought a scroll of blinking for 112 gold pieces
 16127 | Orc:2    | Bought a scroll of blinking for 112 gold pieces
 16135 | Orc:2    | Found a staircase to the Elven Halls.
 16144 | Orc:2    | Found Yfajeot's Food Emporium.
 16264 | Orc:2    | Found a gateway to a bazaar.
 16372 | Bazaar   | Entered a bazaar
 16372 | Bazaar   | Found Gafy's Book Emporium.
 16372 | Bazaar   | Found Qais's Book Shop.
 16375 | Bazaar   | Found Azyw's Weapon Boutique.
 16383 | Bazaar   | Bought a +1 vampiric broad axe for 171 gold pieces
 16414 | Bazaar   | Found Laodd's Assorted Antiques.
 16421 | Bazaar   | Found Fopnumur's Book Shop.
 16555 | D:9      | Bought the ring of Nylar {rCorr rElec rPois rF+ Stlth+} for
                  | 720 gold pieces
 16794 | D:11     | Noticed a two-headed ogre
 16803 | D:11     | Killed a two-headed ogre
 16803 | D:11     | Reached XP level 13. HP: 128/128 MP: 13/13
 17239 | D:11     | Found a runed translucent gate.
 17247 | D:11     | Found a runed translucent gate.
 17248 | D:11     | Found a runed translucent gate.
 17250 | D:11     | Noticed P0WERM0DE's ghost (novice DDFi)
 17471 | D:11     | Killed P0WERM0DE's ghost
 17473 | D:11     | Reached skill level 16 in Fighting
 17699 | D:8      | Killed grerr's ghost
 18132 | D:12     | Reached ****** piety under Dithmenos
 18523 | D:13     | Noticed Erolcha
 18537 | D:12     | Killed Erolcha
 18947 | D:13     | Found Qiwn's General Store.
 19321 | D:13     | Paralysed by an orc sorcerer for 6 turns
 19460 | D:13     | Found a gate to the Vaults.
 19498 | D:13     | Reached skill level 17 in Fighting
 19681 | D:14     | Reached XP level 14. HP: 140/140 MP: 16/16
 19689 | D:14     | Reached skill level 5 in Invocations
 20634 | D:15     | Entered Level 15 of the Dungeon
 20634 | D:15     | Noticed Nessos
 20643 | D:15     | Killed Nessos
 20934 | D:15     | Found a staircase to the Depths.
 21805 | Lair:1   | Entered Level 1 of the Lair of Beasts
 22716 | D:9      | Bought the ring "Lugup" {rF+ MR+ MP+9 Stlth+} for 636 gold
                  | pieces
 22973 | Lair:2   | Reached skill level 18 in Fighting
 23355 | Lair:2   | Found a staircase to the Shoals.
 23462 | Lair:2   | Noticed Sonja
 23485 | Lair:2   | Killed Sonja
 23823 | Lair:2   | Found a hole to the Spider Nest.
 25303 | Lair:4   | Reached XP level 15. HP: 134/150 MP: 19/19
 26481 | Lair:6   | Entered Level 6 of the Lair of Beasts
 26702 | Lair:6   | Identified a scroll of acquirement
 26707 | Lair:6   | Got a spiked plate armour
 26718 | Lair:6   | Identified the +13 plate armour of Vellush {MP+9 Stlth+}
                  | (You acquired it on level 6 of the Lair of Beasts)
 26936 | Lair:6   | Noticed Snorg
 26960 | Lair:6   | Killed Snorg
 27119 | Lair:6   | Reached skill level 19 in Fighting
 27791 | Lair:6   | Found a staircase to the Slime Pits.
 29469 | Spider:1 | Entered Level 1 of the Spider Nest
 29773 | Spider:1 | Reached XP level 16. HP: 161/161 MP: 21/21
 30074 | Spider:2 | Reached skill level 15 in Axes
 30282 | Spider:2 | Reached skill level 20 in Fighting
 31247 | Spider:3 | Reached skill level 15 in Armour
 31549 | Spider:4 | Entered Level 4 of the Spider Nest
 32638 | Spider:4 | Got a gossamer rune of Zot
 32740 | Spider:4 | Found a runed translucent door.
 32742 | Spider:4 | Found a shimmering altar of Xom.
 32742 | Spider:4 | Noticed Chiseanne's ghost (adept OpMo)
 33019 | Spider:4 | Reached XP level 17. HP: 162/172 MP: 23/23
 33339 | Spider:4 | Killed Chiseanne's ghost
 33546 | Shoals:1 | Entered Level 1 of the Shoals
 33972 | Shoals:1 | Reached skill level 21 in Fighting
 33979 | Shoals:1 | HP: 8/173 [merfolk/+0 trident (4)]
 34434 | Shoals:1 | Reached skill level 10 in Invocations
 34457 | Shoals:1 | Reached skill level 15 in Shields
 34957 | Shoals:1 | Found a white marble altar of Elyvilon.
 35707 | Shoals:2 | Noticed a kraken
 35740 | Shoals:2 | Killed a kraken
 35976 | Shoals:2 | Noticed a kraken
 35994 | Shoals:2 | Killed a kraken
 37570 | Shoals:4 | Entered Level 4 of the Shoals
 37616 | Shoals:4 | Reached skill level 22 in Fighting
 37650 | Shoals:4 | Reached XP level 18. HP: 63/184 MP: 17/24
 38132 | Shoals:4 | Noticed Polyphemus
 38577 | Shoals:4 | Killed Polyphemus
 39308 | Shoals:4 | Got a barnacled rune of Zot
 40023 | Shoals:4 | Identified the ring of Xaih {Fire MR+ Str+3 Int-4}
 40579 | Depths:1 | Entered Level 1 of the Depths
 40603 | Depths:1 | Found a gateway to a ziggurat.
 41193 | Depths:1 | Found a one-way gate leading to the halls of Pandemonium.
 41450 | Depths:1 | Found a gateway to Hell.
 41581 | Depths:1 | Found Qeagosme's Distillery.
 41595 | Depths:1 | Reached skill level 23 in Fighting
 41614 | Depths:1 | Bought a potion of curing for 63 gold pieces
 41614 | Depths:1 | Bought a potion of agility for 84 gold pieces
 41766 | Depths:1 | Found a one-way gate to the infinite horrors of the Abyss.
 42075 | Elf:1    | Entered Level 1 of the Elven Halls
 42174 | Elf:1    | Found a frozen archway.
 42239 | IceCv    | Entered an ice cave
 42921 | IceCv    | Reached XP level 19. HP: 190/195 MP: 25/25
 43079 | IceCv    | HP: 2/195 [Ice Fiend (25)]
 43691 | Elf:1    | Reached skill level 1 in Evocations
 44069 | Elf:1    | Found a shimmering altar of Xom.
 44650 | Elf:2    | Found an ancient bone altar of Kikubaaqudgha.
 44909 | Elf:2    | Found a runed translucent gate.
 44910 | Elf:2    | Found a runed translucent gate.
 44910 | Elf:2    | Found a runed translucent gate.
 45495 | Elf:2    | Reached skill level 10 in Dodging
 45760 | Elf:3    | Entered Level 3 of the Elven Halls
 46081 | Elf:2    | Reached skill level 24 in Fighting
 46892 | Elf:3    | Identified the +7 trident of Imminent Death {pierce, rF+
                  | MP+9}
 46906 | Elf:3    | Identified the +8 scimitar of Integrity {pain, rPois rC+}
 46911 | Elf:3    | Noticed a Tzitzimitl
 47457 | Elf:3    | Identified the ring "Kukem" {SInv Stlth+}
 47467 | Elf:3    | Reached XP level 20. HP: 206/206 MP: 26/26
 47471 | Elf:3    | Identified the ring of Lilacs {rElec rPois rC+ Int+2
                  | Stlth-}
 47474 | Elf:3    | Identified the ring "Zemuxoh" {+Fly rPois rF- Int+4 Dex+3}
 47997 | Elf:3    | Reached skill level 5 in Evocations
 48721 | Elf:3    | Identified the Disquisition on Flight
 48926 | Elf:3    | Got a pair of shimmering gloves
 48937 | Elf:3    | Identified the +1 pair of gloves "Earthly Heaven" {Regen+
                  | Dex+7 Stlth+} (You found it on level 3 of the Elven Halls)
 48998 | Elf:3    | Found Tuddulet's Food Boutique.
 49776 | Depths:2 | Paralysed by a floating eye for 2 turns
 50057 | Depths:2 | Reached skill level 25 in Fighting
 51221 | Depths:3 | Reached XP level 21. HP: 218/218 MP: 27/27
 51716 | Depths:3 | Reached skill level 26 in Fighting
 51877 | Depths:3 | Got a flickering ivory ring
 51879 | Depths:3 | Identified the ring of Fosi {+Inv rPois rC- MR+ Int+6} (You
                  | found it on level 3 of the Depths)
 52465 | Depths:4 | Found a blossoming altar of Fedhas.
 52471 | Depths:4 | Noticed a golden dragon
 52485 | Depths:4 | Killed a golden dragon
 52502 | Depths:4 | Found a bloodstained altar of Trog.
 52621 | Depths:4 | Noticed a golden dragon
 52630 | Depths:4 | Killed a golden dragon
 52653 | Depths:4 | Found a glowing golden altar of the Shining One.
 52867 | Depths:4 | Found a glowing silver altar of Zin.
 52890 | Depths:4 | Reached XP level 22. HP: 171/231 MP: 28/28
 53030 | Depths:4 | Got a smoking dagger
 53031 | Depths:4 | Identified the +10 dagger "Lamytos" {pierce, +Inv rN+} (You
                  | found it on level 4 of the Depths)
 53128 | Depths:4 | Noticed a juggernaut
 53245 | Depths:4 | Identified the +6 falchion of the Blue Skies {slice, *Noise
                  | rN+++ MR- Stlth+}
 53391 | Depths:4 | Reached skill level 27 in Fighting
 53496 | Depths:4 | Reached skill level 10 in Evocations
 53527 | Depths:4 | Killed a juggernaut
 53542 | Depths:4 | Noticed a golden dragon
 53554 | Depths:4 | Killed a golden dragon
 54043 | Depths:5 | Entered Level 5 of the Depths
 54181 | Depths:5 | Noticed a golden dragon
 54194 | Depths:5 | Killed a golden dragon
 54590 | Depths:5 | Paralysed by a floating eye for 2 turns
 55276 | Depths:5 | Found a gate to the Realm of Zot.
 55563 | Vaults:1 | Entered Level 1 of the Vaults
 55632 | Vaults:1 | Reached XP level 23. HP: 208/240 MP: 29/29
 56409 | Vaults:1 | Cast into level 3 of the Abyss (a deep elf sorcerer)
 56410 | Abyss:3  | Found a corrupted altar of Lugonu.
 56442 | Vaults:1 | Escaped the Abyss
 57094 | Vaults:2 | Found a staircase to the Crypt.
 57753 | Vaults:2 | Found Buext's Antique Armour Boutique.
 57760 | Vaults:2 | Bought a pair of scorched gloves for 380 gold pieces
 57760 | Vaults:2 | Bought a glowing hat for 280 gold pieces
 57770 | Vaults:2 | Identified the +0 pair of gloves of Mumblety Peg {+Fly
                  | Dex+5} (You bought it in a shop on level 2 of the Vaults)
 58066 | D:6      | Bought the +15 Maxwell's patent armour {-Cast -Tele rElec
                  | MR+ rCorr} for 2470 gold pieces
 58066 | D:6      | Found the +15 Maxwell's patent armour {-Cast -Tele rElec
                  | MR+ rCorr}
 58330 | Vaults:2 | Noticed Asterion
 58340 | Vaults:2 | Killed Asterion
 58676 | Vaults:3 | Found a runed translucent door.
 58678 | Vaults:3 | Noticed Zonian's ghost (adept HOFi)
 58703 | Vaults:3 | Killed Zonian's ghost
 58775 | Vaults:3 | Noticed Frederick
 58788 | Vaults:3 | Killed Frederick
 59012 | Vaults:3 | Reached XP level 24. HP: 249/249 MP: 29/29
 59019 | Vaults:3 | Reached skill level 15 in Dodging
 59187 | Vaults:3 | Found Buixonk's Book Shoppe.
 60094 | Vaults:4 | Noticed Bai Suzhen
 60115 | Vaults:4 | Killed Bai Suzhen
 61521 | Vaults:5 | Entered Level 5 of the Vaults
 61679 | Vaults:5 | Reached XP level 25. HP: 250/256 MP: 29/29
 62549 | Vaults:5 | Identified the +7 plate armour of Isisoul {rElec}
 62609 | Vaults:5 | Got a silver rune of Zot
 62767 | Vaults:5 | Got a wavering iron ring
 62769 | Vaults:5 | Lost intelligence.
 62769 | Vaults:5 | Identified the ring of Moderation {rCorr rPois Str+6 Int-5
                  | Dex+4} (You found it on level 5 of the Vaults)
 63372 | Crypt:1  | Entered Level 1 of the Crypt
 64461 | Crypt:2  | Identified the +9 flail of Kurghir {freeze, *Slow MR+
                  | Str+6}
 64530 | Crypt:2  | Found a transporter.
 65371 | Crypt:2  | Got a transparent plate armour
 65382 | Crypt:2  | Identified the cursed +0 plate armour "Irghudyuf" {Str+3}
                  | (You found it on level 2 of the Crypt)
 65643 | Crypt:2  | Found a transporter.
 65658 | Crypt:2  | Noticed an ancient lich
 65682 | Crypt:2  | Reached XP level 26. HP: 266/266 MP: 30/30
 65720 | Crypt:2  | Gained mutation: Your magical capacity is low. (-10% MP) [a
                  | cacodemon]
 65765 | Crypt:2  | Killed an ancient lich
 65889 | Crypt:2  | Got a scintillating marble ring
 65891 | Crypt:2  | Identified the ring of Pragmatism {*Drain MP-9 EV+3 Dex+6
                  | SInv} (You found it on level 2 of the Crypt)
 65904 | Crypt:2  | Got a twitching bone ring
 65905 | Crypt:2  | Identified the ring of the Empire {Fire *Drain MR+ MP+9
                  | SInv} (You found it on level 2 of the Crypt)
 65934 | Crypt:3  | Entered Level 3 of the Crypt
 66023 | Crypt:3  | Identified Borgnjor's Reference Book on Sinister Arts
 66111 | Crypt:3  | Found an ancient bone altar of Kikubaaqudgha.
 66443 | Crypt:3  | Found a staircase to the Tomb.
 67166 | Crypt:3  | Noticed an ancient lich
 67186 | Crypt:3  | Killed an ancient lich
 67201 | Crypt:3  | Got a wavering marble ring
 67203 | Crypt:3  | Identified the ring "Pakiaral" {+Inv Stlth+} (You found it
                  | on level 3 of the Crypt)
 67440 | Tomb:1   | Entered Level 1 of the Tomb of the Ancients
 68222 | Tomb:1   | Noticed a greater mummy
 68223 | Tomb:1   | Noticed an ancient lich
 68278 | Tomb:1   | Killed an ancient lich
 68291 | Tomb:1   | HP: 12/266 [greater mummy/divine providence (14)]
 68292 | Tomb:1   | Killed a greater mummy
 68298 | Tomb:1   | HP: 2/266 [reaper/+2 scythe of protection[a greater mummy's
                  | death curse] (15)]
 68886 | Tomb:2   | Noticed a greater mummy
 68889 | Tomb:2   | Noticed a greater mummy
 68890 | Tomb:2   | Noticed a greater mummy
 68890 | Tomb:2   | Noticed a greater mummy
 68890 | Tomb:2   | Noticed a greater mummy
 68898 | Tomb:2   | HP: 2/264 [greater mummy (18)]
 68901 | Tomb:2   | Killed from afar by a greater mummy

Skill      XL: |  1  2  3  4  5  6  7  8  9 10 11 12 13 14 15 16 17 18 19 20 21 22 23 24 25 26 |
---------------+-------------------------------------------------------------------------------+-----
Fighting       | 3 4 5 6 7 9 10 12 14 15 17 18 19 20 22 23 24 25 26 27 | 27.0
Axes           | 4 5 6 7 8 9 11 12 13 14 15 16 17 18 | 18.0
Armour         | 1 2 3 4 5 7 8 10 11 12 13 14 15 16 17 18 19 20 23 24 25 26 | 26.8
Dodging        | 4 5 6 9 10 12 14 16 17 18 | 18.6
Shields        | 1 3 5 7 9 10 11 12 13 14 15 16 19 21 23 | 23.1
Invocations    | 2 4 6 8 9 10 | 10.0
Evocations     | 4 7 9 10 12 | 12.1
Throwing       | |  2.2

Action                   |  1- 3 |  4- 6 |  7- 9 | 10-12 | 13-15 | 16-18 | 19-21 | 22-24 | 25-27 || total
-------------------------+-------+-------+-------+-------+-------+-------+-------+-------+-------++-------
Melee: War axe           |    46 |   156 |   320 |   320 |       |       |       |       |       ||   842
       Headbutt          |     3 |    22 |    65 |   184 |   309 |   391 |   474 |   577 |   483 ||  2508
       Broad axe         |       |       |       |   446 |  1271 |  1620 |  1487 |  1463 |  1103 ||  7390
Invok: Shadow Step       |       |       |       |       |     3 |       |     1 |     1 |       ||     5
Evoke: Wand              |       |       |       |     2 |     8 |     1 |       |     2 |    13 ||    26
       Lamp of fire      |       |       |       |       |       |       |       |       |     2 ||     2
  Use: Scroll            |       |     6 |     5 |    14 |    15 |    17 |     4 |    12 |     9 ||    82
       Potion            |       |       |       |     7 |     4 |    16 |     1 |     3 |    13 ||    44
 Stab: Distracted        |       |       |       |     1 |     1 |     1 |     4 |     1 |     3 ||    11
       Petrifying        |       |       |       |       |       |     2 |       |       |       ||     2
       Sleeping          |       |       |       |       |       |       |     5 |     8 |       ||    13
  Eat: Chunk             |       |     9 |    12 |    15 |    33 |    21 |    22 |    26 |    11 ||   149
       Ration            |       |       |       |     8 |     3 |     7 |     3 |     1 |     4 ||    26
Armor: Leather armour    |     5 |       |       |       |       |       |       |       |       ||     5
       Chain mail        |     4 |     4 |       |       |       |       |       |       |       ||     8
       Plate armour      |       |    86 |   155 |   287 |   665 |  1062 |   667 |   425 |   243 ||  3590
Dodge: Dodged            |    34 |    55 |   130 |   255 |   448 |   808 |   652 |   523 |   422 ||  3327
Block: Buckler           |       |       |    37 |       |       |       |       |       |       ||    37
       Reflection        |       |       |    12 |    25 |    62 |   103 |       |       |       ||   202
       Shield            |       |       |   103 |   601 |  1026 |  1487 |   912 |   440 |       ||  4569
       Large shield      |       |       |       |       |       |       |       |   503 |   976 ||  1479
